 Dungeon Crawl Stone Soup version 0.28.0-43-g3370ac3207 (webtiles) character file.

Game seed: 191510749848506622

371 terff the Covered (level 7, -1/53 HPs)
             Began as a Human Fighter on Mar 21, 2022.
             Killed by divine providence
             ... invoked by an orc priest
              (13 damage)
             ... on level 4 of the Dungeon.
             The game lasted 00:07:55 (3821 turns).

terff the Covered (Human Fighter)                   Turns: 3821, Time: 00:07:55

Health: -1/53      AC: 15    Str: 19    XL:     7   Next: 2%
Magic:  7/7        EV:  6    Int:  8    God:
Gold:   209        SH:  5    Dex: 18    Spells: 6/6 levels left

rFire   . . .      SeeInvis .   f - +2 short sword (protect)
rCold   . . .      Faith    .   c - +0 buckler
rNeg    . . .      Spirit   .   k - +0 plate armour
rPois   .          Reflect  .   (no helmet)
rElec   .          Harm     .   (no cloak)
rCorr   .          Rampage  .   (no gloves)
Will    .....                   (no boots)
Stlth   ..........              (no amulet)
HPRegen 0.17/turn               e - +6 ring of dexterity
MPRegen 0.10/turn               j - +4 ring of protection

@: no status effects
A: no striking features
a: no special abilities


You were on level 4 of the Dungeon.
You visited 1 branch of the dungeon, and saw 4 of its levels.

You collected 209 gold pieces.

Inventory:

Hand Weapons
 a - a +0 long sword
 f - a +2 short sword of protection (weapon)
Armour
 b - a +0 scale mail
 c - a +0 buckler (worn)
 k - a +0 plate armour (worn)
Jewellery
 d - a +6 ring of intelligence
 e - a +6 ring of dexterity (left hand)
 j - a +4 ring of protection (right hand)
Wands
 h - a wand of acid (10)
 i - a wand of paralysis (6)
Scrolls
 l - 2 scrolls of teleportation {unknown}
Potions
 g - a potion of brilliance {unknown}
 m - a potion of attraction


   Skills:
 + Level 3.7 Fighting
 + Level 2.6(3.2) Short Blades
 + Level 2.6(3.2) Long Blades
 + Level 4.3 Armour
 * Level 2.5 Dodging
 + Level 0.8 Stealth
 + Level 4.0 Shields


You had 6 spell levels left.
You didn't know any spells.
Your spell library contained the following spells:

 Spells                   Type           Power      Damage    Failure   Level
 Animate Skeleton         Necr           0%         N/A       100%        1
 Apportation              Tloc           0%         N/A       100%        1
 Summon Small Mammal      Summ           0%         N/A       100%        1
 Ensorcelled Hibernation  Hex/Ice        0%         N/A       100%        2
 Spider Form              Tmut/Pois      0%         N/A       100%        3
 Anguish                  Hex/Necr       0%         N/A       100%        4
 Passage of Golubria      Tloc           0%         N/A       100%        4
 Silence                  Hex/Air        0%         N/A       100%        5
 Lehudib's Crystal Spear  Conj/Erth      0%         10d2      100%        8


Dungeon Overview and Level Annotations

Branches:
Dungeon (4/15)
 Temple: D:4-7

Altars:
Ashenzari
Xom


Message History

You kill the orc!
The orc wizard mumbles some strange words.
The orc wizard flickers and vanishes!
You are confused.
You bump into the rock wall.
You bump into the rock wall.
Something hits you but does no damage.
You're too confused to move!
Something hits you but does no damage.
You bump into the rock wall.
You feel less confused.
The orc wizard points at you and mumbles some strange words.
You are confused.
The orc barely misses you.
An orc wizard comes into view. It is wielding a +0 dagger.
The orc wizard gestures at you while chanting.
You are more confused.
You're too confused to move!
Something completely misses you.
You bump into the translucent rock wall.
Something hits you but does no damage.
You are too confused!
You miss the orc. Something completely misses you.
The orc wizard mumbles some strange words.
The orc wizard flickers and vanishes!
Something hits you but does no damage.
The orc priest invokes the aid of Beogh against you.
Beogh smites you! The orc hits you with a +0 short sword.
You hit the orc.
Your weapon exudes an aura of protection.
The orc is lightly wounded.
Something hits you but does no damage.
The orc priest mumbles some strange prayers to Beogh against you.
Beogh smites you! The orc hits you but does no damage.
You bump into the rock wall.
The orc priest calls down the wrath of Beogh upon you.
Beogh smites you!
* * * LOW HITPOINT WARNING * * *
Something hits you but does no damage.
The orc wizard gestures at you while chanting.
You feel less confused.
The orc priest invokes the aid of Beogh against you.
Beogh smites you!
You die...

#.# ###### #.#
.....# #.# .....#
#.# .....# #.#
.....#############.#
...................#
####.......o.o.o...#
#.........o..@..#
#################
#.# #.# #.# #.# #.#
#.#


You could see an orc priest, an orc wizard and 2 orcs.

Vanquished Creatures
  Sigmund (D:2)
  Blork the orc (D:4)
  An orc priest (D:3)
  A centaur skeleton (D:4)
  An adder (D:3)
  4 dart slugs
  6 orcs
  6 endoplasms
  3 giant cockroaches
  8 goblins
  7 hobgoblins
  2 jackals (D:1)
  5 kobolds
  A quokka (D:3)
  6 ball pythons
  8 bats
  A frilled lizard (D:3)
  6 rats
68 creatures vanquished.

Vanquished Creatures (others)
  3 plants (D:1)
  10 withered plants (D:1)
13 creatures vanquished.

Grand Total: 81 creatures vanquished

Notes
Turn   | Place    | Note
-------+----------+-------------------------------------------
     0 | D:1      | terff the Human Fighter began the quest for the Orb.
     0 | D:1      | Reached XP level 1. HP: 18/18 MP: 1/1
   263 | D:1      | Reached XP level 2. HP: 24/24 MP: 2/2
   620 | D:1      | Reached XP level 3. HP: 29/29 MP: 3/3
   757 | D:1      | Found a faded altar of an unknown god.
  1121 | D:2      | Found a shimmering altar of Xom.
  1756 | D:2      | Reached XP level 4. HP: 35/35 MP: 4/4
  2052 | D:2      | Noticed Sigmund
  2118 | D:2      | Killed Sigmund
  2119 | D:2      | Reached skill level 1 in Short Blades
  2119 | D:2      | Reached skill level 1 in Dodging
  2119 | D:2      | Reached XP level 5. HP: 9/41 MP: 5/5
  2119 | D:2      | Reached XP level 6. HP: 11/47 MP: 6/6
  3552 | D:4      | Found a broken altar of Ashenzari.
  3573 | D:4      | Noticed Blork the orc
  3596 | D:4      | Killed Blork the orc
  3597 | D:4      | Reached XP level 7. HP: 45/53 MP: 7/7
  3821 | D:4      | Killed from afar by an orc priest

Illustrated notes

Levels and vault maps discovered:
D:1:      minmay_arrival_semitransparent, layout_loops_cross,
          shapermc_ecumenical_altar_flowoftime
D:2:      layout_rooms, basic_altar, roderic_serpentine_path, roderic_lattice_a,
          uniq_sigmund
D:3:      layout_loops_ring
D:4:      layout_loops_cross, nicolae_ashenzari_skybound,
          serial_co_window_serial, co_window_corner_a, co_window_corner_a,
          co_window_paths_b, co_window_of_opportunity_a, co_window_paths_a,
          co_window_corner_a, co_window_corner_a, co_window_unsneaky_path_e,
          co_window_broadway_b, co_window_broadway_a, co_window_corner_b,
          co_window_corner_ca, co_window_broadway_a, co_window_corner_ca,
          co_window_paths_e, glass_columns_b, glass_columns_b,
          uniq_blork_the_orc

Skill      XL: |  1  2  3  4  5  6 |
---------------+-------------------+-----
Short Blades   | 1 2 |  2.6
Armour         | 4 |  4.3
Dodging        | 1 2 |  2.5
Shields        | 4 |  4.0
Fighting       | |  3.7
Long Blades    | |  2.6
Stealth        | |  0.8

Action                   |  1- 3 |  4- 6 |  7- 9 || total
-------------------------+-------+-------+-------++-------
Melee: Long sword        |    87 |       |       ||    87
       Short sword       |    32 |   109 |     7 ||   148
  Use: Scroll            |     2 |     3 |       ||     5
       Potion            |       |     1 |       ||     1
Armor: Scale mail        |    61 |    20 |       ||    81
       Plate armour      |       |    71 |     7 ||    78
Dodge: Dodged            |    50 |    38 |     3 ||    91
Block: Buckler           |    39 |    29 |     1 ||    69
